 Seeded DCSS version 0.30.1-5-ged363bc7ee (webtiles) character file.

Game seed: 15660985446129201502 (custom seed)

226 AccursedSamuel the Ducker (level 6, -3/38 HPs)
             Began as a Tengu Monk on Sept 19, 2023.
             Slain by Sigmund
             ... wielding a +0 scythe of holy wrath
              (10 damage)
             ... on level 4 of the Dungeon.
             The game lasted 00:05:31 (2324 turns).

AccursedSamuel the Ducker (Tengu Monk)              Turns: 2324, Time: 00:05:31

Health: -3/38      AC:  6    Str: 14    XL:     6   Next: 1%
Magic:  7/7        EV: 17    Int: 11    God:
Gold:   233        SH:  0    Dex: 18    Spells: 5/5 levels left

rFire   . . .        e - +4 quarterstaff of Action {freeze, Will+ rCorr Str+3}
rCold   . . .        (shield currently unavailable)
rNeg    . . .        b - +0 robe
rPois   .            (helmet restricted)
rElec   .            (no cloak)
rCorr   +            (no gloves)
SInv    .            (boots unavailable)
Will    +....        (no amulet)
Stlth   ++           q - +4 ring of protection
HPRegen 0.26/turn    (no ring)
MPRegen 0.10/turn

%: no passive effects
@: flying quickly and evasively, quick
A: beak, talons 3, nimble flight
a: no special abilities


You were on level 4 of the Dungeon.
You visited 1 branch of the dungeon, and saw 4 of its levels.

You collected 233 gold pieces.

Inventory:

Hand Weapons
 a - a +0 hand axe
 e - the +4 quarterstaff of Action (weapon) {freeze, Will+ rCorr Str+3}
   (You acquired it on level 1 of the Dungeon)

   Str:       It affects your strength (+3).
   rCorr:     It protects you from acid and corrosion.
   Will:      It increases your willpower.
Armour
 b - a +0 robe (worn)
 d - an orb of light
Jewellery
 q - a +4 ring of protection (left hand)
Scrolls
 f - 5 scrolls of teleportation {unknown}
 i - a scroll of noise {unknown}
 j - a scroll of enchant armour {unknown}
 k - a scroll of immolation {unknown}
 o - a scroll of identify {unknown}
 r - a scroll of fog {unknown}
Potions
 c - a potion of ambrosia
 g - a potion of curing {unknown}
 h - a potion of degeneration {unknown}
 l - a potion of attraction {unknown}
 m - 2 potions of magic {unknown}
 n - a potion of heal wounds {unknown}
 p - a potion of flight {unknown}


   Skills:
 + Level 4.0 Fighting
 + Level 3.8 Axes
 + Level 3.8 Staves
 + Level 4.3 Dodging
 + Level 1.1 Stealth


You had 5 spell levels left.
You didn't know any spells.
Your spell library contained the following spells:

 Spells                   Type           Power      Damage    Failure   Level
 Cigotuvi's Dreadful Rot  Necr/Pois/Air  0%         N/A       47%         2
 Lesser Beckoning         Tloc           0%         N/A       47%         2
 Gell's Gravitas          Tloc           0%         N/A       71%         3
 Ignite Poison            Fire/Tmut/Pois 0%         N/A       71%         3
 Teleport Other           Tloc           0%         N/A       71%         3
 Dispel Undead            Necr           0%         3d6       98%         4
 Sticky Flame             Conj/Fire      0%         2d3       98%         4
 Death Channel            Necr           0%         N/A       100%        6
 Ignition                 Fire           0%         3d3       100%        8


Dungeon Overview and Level Annotations

Branches:
Dungeon (4/15)
 Temple: D:4-7

Altars:

Annotations:
D:2 1 runed translucent door, Crazy Yiuf
D:4 Sigmund


Innate Abilities, Weirdness & Mutations

You have a beak for a mouth.
You have claws for feet.
Your magical nature lets you fly swiftly and evasively.


Message History

The magic dart hits you! Sigmund barely misses you.
Ijyb zaps a wand.
The mass of ice explodes!
The iceblast engulfs you! Sigmund completely misses you.
Ijyb hits you with a +0 club.
Sigmund laughs darkly.
Ijyb misses you.
Sigmund hits you from afar with a +0 scythe of holy wrath!
* * * LOW HITPOINT WARNING * * *
Ijyb screams, "Level is mine!
All mine!"
Ijyb barely misses you. Sigmund closely misses you.
You closely miss Ijyb. Your kick misses Ijyb. Ijyb barely misses you.
You sock Ijyb! You freeze Ijyb. Your kick misses Ijyb.
Ijyb is moderately wounded.
Ijyb hits you with a +0 club.
* * * LOW HITPOINT WARNING * * *
Sigmund barely misses you. Ijyb closely misses you.
You hit Ijyb but do no damage. You claw Ijyb.
Ijyb is moderately wounded.
Sigmund completely misses you. Ijyb completely misses you.
You closely miss Ijyb. Your kick misses Ijyb.
Ijyb is moderately wounded.
Ijyb barely misses you. Sigmund hits you but does no damage.
You closely miss Ijyb. Your kick misses Ijyb. You peck Ijyb.
Ijyb is heavily wounded.
Ijyb hits you but does no damage.
You barely miss Ijyb. You claw Ijyb.
Ijyb is almost dead.
Sigmund closely misses you. Ijyb hits you but does no damage.
You hit Ijyb. You freeze Ijyb.
You kill Ijyb!
Sigmund barely misses you.
Your Fighting skill increases to level 4!
You have reached level 6!
Sigmund closely misses you.
Items here: ) / [ †.
You hit Sigmund. You freeze Sigmund. You claw Sigmund.
Sigmund is moderately wounded.
Sigmund hits you with a +0 scythe of holy wrath!
You die...

## .# .# ###.####
###......#
###@@......# ##
..#)#......# .###..
#.#.######## ......#
#.#.# ###....# #.#.#
...>#.######.#.#
#...........#.######
#....................
#.#....######........


You could see Sigmund.

Vanquished Creatures
  A scorpion (D:4)
  An orc priest (D:3)
  Jessica (D:2)
  Ijyb (D:4)
  An adder (D:2)
  An ufetubus (D:4)
  2 dart slugs
  5 orcs
  6 endoplasms
  2 giant cockroaches (D:2)
  8 goblins
  5 hobgoblins
  6 kobolds
  5 quokkas
  4 ball pythons
  3 bats
  7 frilled lizards
  7 rats
  A spectral kobold (D:2)
67 creatures vanquished.

Notes
Turn   | Place    | Note
-------+----------+-------------------------------------------
     0 | D:1      | AccursedSamuel the Tengu Monk began the quest for the Orb.
     0 | D:1      | Reached XP level 1. HP: 14/14 MP: 2/2
    84 | D:1      | Reached XP level 2. HP: 19/19 MP: 3/3
    89 | D:1      | Identified a scroll of acquirement
    89 | D:1      | Acquired the +4 quarterstaff of Action {freeze, Will+ rCorr
                  | Str+3}
   728 | D:1      | Reached XP level 3. HP: 23/23 MP: 4/4
  1120 | D:2      | Reached skill level 1 in Staves
  1127 | D:2      | Found a faded altar of an unknown god.
  1321 | D:2      | Found a runed translucent door.
  1442 | D:2      | Noticed Jessica
  1452 | D:2      | Killed Jessica
  1453 | D:2      | Reached XP level 4. HP: 21/28 MP: 5/5
  1749 | D:2      | Noticed Crazy Yiuf
  2085 | D:3      | Gained mutation: Your magical nature lets you fly swiftly
                  | and evasively. [Tengu growth]
  2085 | D:3      | Reached XP level 5. HP: 19/33 MP: 6/6
  2279 | D:4      | Reached skill level 1 in Stealth
  2302 | D:4      | Noticed Sigmund
  2304 | D:4      | Noticed Ijyb
  2321 | D:4      | Killed Ijyb
  2322 | D:4      | Reached XP level 6. HP: 7/38 MP: 7/7
  2324 | D:4      | Slain by Sigmund

Illustrated notes

Levels and vault maps discovered:
D:1:      minmay_arrival_pointy, layout_loops_ring, minmay_gold_behind_fungi
D:2:      layout_basic, dreamdust_ecumenical_altar_drowned_temple,
          hangedman_decor_clover_reticule, fountainhead,
          uniq_crazy_yiuf_cottage, uniq_jessica
D:3:      layout_loops_ring, general_overflow_altar, serial_bayou_pond_d
D:4:      layout_basic, nicolae_eternal_life, uniq_ijyb, uniq_sigmund

Skill      XL: |  1  2  3  4  5 |
---------------+----------------+-----
Staves         | 1 2 3 |  3.8
Dodging        | 4 |  4.3
Stealth        | 1 |  1.1
Fighting       | 4 |  4.0
Axes           | |  3.8

Action                     |  1- 3 |  4- 6 || total
---------------------------+-------+-------++-------
  Melee: Hand axe          |    11 |       ||    11
         Kick              |    13 |    12 ||    25
         Peck              |     6 |     6 ||    12
         Quarterstaff      |    48 |    56 ||   104
    Use: Scroll            |     1 |       ||     1
   Stab: Sleeping          |     2 |     1 ||     3
 Armour: Robe              |    12 |    10 ||    22
  Dodge: Dodged            |    57 |    59 ||   116
